[Event "24th European Women Club Cup 2019"]
[Site "Ulcinj"]
[Date "2019.11.16"]
[Round "7.18"]
[White "Caglar, Sila"]
[Black "Haitovich, Avital"]
[Result "1-0"]
[ECO "B76"]
[WhiteElo "2242"]
[BlackElo "1998"]
[Annotator "NA"]
[PlyCount "99"]
[EventDate "2019.11.10"]
[EventType "team-tourn"]
[EventCountry "MNE"]
[SourceTitle "playchess.com"]
[Source "ChessBase"]
[SourceQuality "1"]
[WhiteTeam "Maribor"]
[BlackTeam "Hertzeliya"]
[TimeControl "40/5400+30:1800+30"]

1. e4 c5 2. Nf3 d6 3. d4 cxd4 4. Nxd4 Nf6 5. Nc3 g6 6. Be3 Bg7 7. f3 O-O 8. Qd2 Nc6 9. g4 Nxd4 10. Bxd4 Be6 11. h4 Qa5 12. h5 a6 13. a3 Rac8 14. Bd3 b5 15. Ne2 Qxd2+ 16. Kxd2 d5 17. h6 Bh8 18. e5 Nd7 19. f4 Bxg4 20. Nc3 Bf3 21. Rh3 Be4 22. Bxe4 dxe4 23. Nxe4 Rc4 24. Rd3 Rfc8 25. Rd1 Nf8 26. c3 Ne6 27. Ke3 f6 28. exf6 Nxd4 29. Rxd4 Rxd4 30. Rxd4 exf6 31. Rd6 f5 32. Ng5 a5 33. Rb6 b4 34. axb4 axb4 35. Rxb4 Re8+ 36. Kf3 Bf6 37. Rb7 Bxg5 38. fxg5 Rc8 39. Ke3 Re8+ 40. Kd4 f4 41. Rg7+ Kf8 42. Rxh7 f3 43. Ra7 Kg8 44. Ra1 Re2 45. Rf1 Rxb2 46. Rxf3 Rg2 47. c4 Rxg5 48. c5 Rg4+ 49. Kd5 Rg1 50. Rc3 1-0

[Event "24th European Women Club Cup 2019"]
[Site "Ulcinj"]
[Date "2019.11.16"]
[Round "7.19"]
[White "Yakovleva, Tatiana"]
[Black "Vidic, Teja"]
[Result "1/2-1/2"]
[ECO "D10"]
[WhiteElo "1942"]
[BlackElo "2189"]
[Annotator "NA"]
[PlyCount "91"]
[EventDate "2019.11.10"]
[EventType "team-tourn"]
[EventCountry "MNE"]
[SourceTitle "playchess.com"]
[Source "ChessBase"]
[SourceQuality "1"]
[WhiteTeam "Hertzeliya"]
[BlackTeam "Maribor"]
[TimeControl "40/5400+30:1800+30"]

1. d4 d5 2. c4 c6 3. cxd5 cxd5 4. Nc3 Nf6 5. Nf3 Nc6 6. Ne5 e6 7. Bg5 Be7 8. Qa4 O-O 9. Nxc6 bxc6 10. e3 Rb8 11. Qc2 Qb6 12. Rb1 c5 13. Bf4 Rb7 14. dxc5 Qxc5 15. Be5 Nd7 16. Bd4 Qa5 17. Qa4 Qd8 18. a3 Nb6 19. Qc2 Nd7 20. f4 f6 21. Ba6 Rc7 22. Bxc8 Qxc8 23. Qd3 Nc5 24. Bxc5 Bxc5 25. O-O Rd8 26. Nb5 Qa6 27. Rfd1 Rb7 28. Nd4 Qxd3 29. Rxd3 Bxd4 30. exd4 Rc8 31. Rd2 h5 32. Re1 Kf7 33. Kf2 Rc6 34. Re3 Kg6 35. b3 Kf5 36. g3 Rbc7 37. Rde2 a5 38. h3 Rc3 39. Kf3 g5 40. g4+ hxg4+ 41. hxg4+ Kg6 42. Rxc3 Rxc3+ 43. Re3 Rc6 44. Kg3 gxf4+ 45. Kxf4 Kf7 46. g5 1/2-1/2

[Event "24th European Women Club Cup 2019"]
[Site "Ulcinj"]
[Date "2019.11.16"]
[Round "7.20"]
[White "Mar, Karmen"]
[Black "Lian, Marina"]
[Result "1-0"]
[ECO "C09"]
[WhiteElo "2041"]
[BlackElo "1855"]
[Annotator "NA"]
[PlyCount "93"]
[EventDate "2019.11.10"]
[EventType "team-tourn"]
[EventCountry "MNE"]
[SourceTitle "playchess.com"]
[Source "ChessBase"]
[SourceQuality "1"]
[WhiteTeam "Maribor"]
[BlackTeam "Hertzeliya"]
[TimeControl "40/5400+30:1800+30"]

1. e4 e6 2. d4 d5 3. Nd2 c5 4. exd5 exd5 5. Ngf3 Nc6 6. Bb5 Bd6 7. dxc5 Bxc5 8. O-O Nge7 9. Nb3 Bd6 10. Re1 O-O 11. Bd3 Ng6 12. h3 Bc7 13. Be3 Nce5 14. Nxe5 Nxe5 15. Bf4 Nxd3 16. Bxc7 Qxc7 17. Qxd3 Rd8 18. Rad1 g6 19. Nd4 Bd7 20. Qf3 Qc5 21. Re3 Re8 22. Rc3 Qd6 23. Rb3 Rab8 24. Ra3 a6 25. Rad3 Qc5 26. Qf4 Rbc8 27. Rf3 Qf8 28. Qg5 Qd6 29. c3 Re5 30. Qf4 Qe7 31. Kh2 Re8 32. Nc2 Re2 33. Nb4 Be6 34. Re3 Rxe3 35. Qxe3 Qd7 36. Qd4 Rd8 37. Kg1 a5 38. Nd3 Qb5 39. b3 Rc8 40. Nf4 Qc5 41. Nxe6 fxe6 42. Qf6 Re8 43. Rd3 Qe7 44. Qe5 Qg7 45. Rxd5 Qxe5 46. Rxe5 Kf7 47. Rxa5 1-0

[Event "24th European Women Club Cup 2019"]
[Site "Ulcinj"]
[Date "2019.11.16"]
[Round "7.21"]
[White "Milovic, Aleksandra"]
[Black "Shuvalova, Polina"]
[Result "0-1"]
[ECO "A00"]
[WhiteElo "2183"]
[BlackElo "2434"]
[Annotator "NA"]
[PlyCount "84"]
[EventDate "2019.11.10"]
[EventType "team-tourn"]
[EventCountry "MNE"]
[SourceTitle "playchess.com"]
[Source "ChessBase"]
[SourceQuality "1"]
[WhiteTeam "MNE Woman Chess"]
[BlackTeam "Novy Bor"]
[TimeControl "40/5400+30:1800+30"]

1. Nc3 d5 2. Nf3 Nf6 3. e3 g6 4. g3 Bg7 5. Bg2 O-O 6. d3 c5 7. O-O Nc6 8. Re1 h6 9. h3 e5 10. e4 Be6 11. Kh2 Rc8 12. Ng1 d4 13. Nce2 c4 14. dxc4 Bxc4 15. f4 Re8 16. fxe5 Rxe5 17. Nf4 Qe8 18. Nd3 Re7 19. b3 Bxd3 20. cxd3 Nb4 21. Ba3 a5 22. Bxb4 axb4 23. a3 bxa3 24. Re2 h5 25. Rxa3 h4 26. g4 Bh6 27. Rc2 Rec7 28. Raa2 Qe5+ 29. Kh1 Qg3 30. Rxc7 Rxc7 31. Ne2 Qe3 32. Qf1 Nd7 33. Qf3 Qxf3 34. Bxf3 Ne5 35. Kg2 Be3 36. g5 Nxd3 37. Bg4 Kg7 38. Ng1 Rc1 39. Ne2 Rb1 40. b4 Rxb4 41. Ra1 Rb2 42. Kf1 Ne5 0-1

[Event "24th European Women Club Cup 2019"]
[Site "Ulcinj"]
[Date "2019.11.16"]
[Round "7.22"]
[White "Bulmaga, Irina"]
[Black "Koljevic, Nikolina"]
[Result "1-0"]
[ECO "A46"]
[WhiteElo "2435"]
[BlackElo "1902"]
[Annotator "NA"]
[PlyCount "85"]
[EventDate "2019.11.10"]
[EventType "team-tourn"]
[EventCountry "MNE"]
[SourceTitle "playchess.com"]
[Source "ChessBase"]
[SourceQuality "1"]
[WhiteTeam "Novy Bor"]
[BlackTeam "MNE Woman Chess"]
[TimeControl "40/5400+30:1800+30"]

1. d4 Nf6 2. Nf3 e6 3. e3 b6 4. Bd3 Bb7 5. O-O d6 6. c4 Nbd7 7. Nc3 Be7 8. e4 e5 9. d5 h6 10. Rb1 a5 $16 11. b3 Nc5 12. Bc2 O-O 13. a3 Nh7 14. b4 Nd7 15. g3 Ba6 16. Qe2 Re8 17. Ne1 Ndf8 18. Ba4 Nd7 19. Bc6 axb4 20. Bxa8 bxc3 21. Bc6 Rf8 22. Bb5 Bc8 23. Ba4 Nc5 24. Bc2 Bh3 25. Ng2 Qc8 26. Be3 Ng5 27. f3 f5 28. exf5 Bxf5 29. Bxc5 bxc5 30. Be4 Nh3+ 31. Kh1 h5 32. Ne3 Bd7 33. Bc2 Bg5 34. f4 exf4 35. Qxh5 Bh6 36. Qg6 Rf6 37. Qh7+ Kf7 38. gxf4 Nxf4 39. Ng2 Bh3 40. Nxf4 Bxf4 41. Qh5+ Kg8 42. Rbe1 Bd7 43. Re7 1-0

[Event "24th European Women Club Cup 2019"]
[Site "Ulcinj"]
[Date "2019.11.16"]
[Round "7.23"]
[White "Rakic, Tijana"]
[Black "Hoang, Thanh Trang"]
[Result "0-1"]
[ECO "C01"]
[WhiteElo "1680"]
[BlackElo "2414"]
[Annotator "NA"]
[PlyCount "62"]
[EventDate "2019.11.10"]
[EventType "team-tourn"]
[EventCountry "MNE"]
[SourceTitle "playchess.com"]
[Source "ChessBase"]
[SourceQuality "1"]
[WhiteTeam "MNE Woman Chess"]
[BlackTeam "Novy Bor"]
[TimeControl "40/5400+30:1800+30"]

1. e4 e6 2. d4 d5 3. exd5 exd5 4. Bd3 Nc6 5. Nf3 Bd6 6. O-O Nge7 7. Re1 Bg4 8. c3 Qd7 9. b4 O-O 10. h3 Bf5 11. b5 Na5 12. Ne5 Bxe5 13. Rxe5 Bxd3 14. Qxd3 Nc4 15. Re1 Ng6 16. Na3 Rfe8 17. Rxe8+ Rxe8 18. Qf1 Nd6 19. Be3 f5 20. Qd3 f4 21. Bd2 Ne4 22. Re1 f3 23. c4 fxg2 24. cxd5 Qf5 25. Kxg2 Qxf2+ 26. Kh1 Ng3+ 27. Qxg3 Qxg3 28. Rxe8+ Kf7 29. Re3 Qf2 30. Nc4 Nh4 31. Ne5+ Kg8 0-1

[Event "24th European Women Club Cup 2019"]
[Site "Ulcinj"]
[Date "2019.11.16"]
[Round "7.24"]
[White "Rodshtein, Tereza"]
[Black "Radosevic, Nevena"]
[Result "1-0"]
[ECO "B44"]
[WhiteElo "2195"]
[BlackElo "1706"]
[Annotator "NA"]
[PlyCount "53"]
[EventDate "2019.11.10"]
[EventType "team-tourn"]
[EventCountry "MNE"]
[SourceTitle "playchess.com"]
[Source "ChessBase"]
[SourceQuality "1"]
[WhiteTeam "Novy Bor"]
[BlackTeam "MNE Woman Chess"]
[TimeControl "40/5400+30:1800+30"]

1. e4 c5 2. Nf3 Nc6 3. d4 cxd4 4. Nxd4 e6 5. Nb5 d6 6. c4 Nf6 7. N1c3 Be7 8. Bf4 e5 9. Bg5 a6 10. Bxf6 gxf6 11. Na3 Be6 12. Nc2 Qc7 13. Bd3 Nd4 14. Ne3 Rb8 15. Rc1 Qa5 16. O-O b5 17. cxb5 axb5 18. Qh5 Rg8 19. Ncd5 Rg5 20. Qxh7 Kd7 21. Rc7+ Qxc7 22. Nxc7 Kxc7 23. Nd5+ Kd7 24. f4 Rg4 25. fxe5 fxe5 26. Rxf7 Bxf7 27. Qxf7 1-0

[Event "24th European Women Club Cup 2019"]
[Site "Ulcinj"]
[Date "2019.11.16"]
[Round "7.25"]
[White "Salimova, Nurgyul"]
[Black "Lahav, Michal"]
[Result "1/2-1/2"]
[ECO "A34"]
[WhiteElo "2370"]
[BlackElo "2221"]
[Annotator "NA"]
[PlyCount "61"]
[EventDate "2019.11.10"]
[EventType "team-tourn"]
[EventCountry "MNE"]
[SourceTitle "playchess.com"]
[Source "ChessBase"]
[SourceQuality "1"]
[WhiteTeam "Asseco SEE"]
[BlackTeam "Rishon Lezion"]
[TimeControl "40/5400+30:1800+30"]

1. Nf3 Nf6 2. c4 c5 3. Nc3 d5 4. cxd5 Nxd5 5. e3 e6 6. d4 cxd4 7. exd4 Be7 8. Bd3 O-O 9. O-O Re8 10. a3 Nf6 11. Bc2 Nbd7 12. Re1 b6 13. Qd3 Bb7 14. Bg5 Nf8 15. Ba4 N6d7 16. Qe3 Ng6 17. Rad1 a6 18. d5 exd5 19. Nxd5 Bxd5 20. Rxd5 Bxg5 21. Qxe8+ Qxe8 22. Rxe8+ Rxe8 23. Bxd7 Re7 24. Bb5 Bf6 25. Bxa6 Bxb2 26. a4 Ba3 27. g3 Nf8 28. Bc4 g6 29. h4 Kg7 30. Rb5 Nd7 31. Bf1 1/2-1/2

[Event "24th European Women Club Cup 2019"]
[Site "Ulcinj"]
[Date "2019.11.16"]
[Round "7.26"]
[White "Reprun, Nadejda"]
[Black "Krasteva, Beloslava"]
[Result "0-1"]
[ECO "B50"]
[WhiteElo "1989"]
[BlackElo "2261"]
[Annotator "NA"]
[PlyCount "46"]
[EventDate "2019.11.10"]
[EventType "team-tourn"]
[EventCountry "MNE"]
[SourceTitle "playchess.com"]
[Source "ChessBase"]
[SourceQuality "1"]
[WhiteTeam "Rishon Lezion"]
[BlackTeam "Asseco SEE"]
[TimeControl "40/5400+30:1800+30"]

1. e4 c5 2. Nf3 d6 3. Nc3 a6 4. g3 Nc6 5. Bg2 g6 6. d4 cxd4 7. Nxd4 Bg7 8. Nxc6 bxc6 9. O-O Qc7 10. Be3 Nf6 11. h3 O-O 12. Qd2 Rb8 13. Na4 c5 14. c4 Nd7 15. Nc3 Ne5 16. Nd5 Qb7 17. b3 Bxh3 18. Bh6 Bxh6 19. Qxh6 Bxg2 20. Kxg2 f5 21. Rh1 e6 22. Nc3 fxe4 23. Qe3 Rf3 0-1

[Event "24th European Women Club Cup 2019"]
[Site "Ulcinj"]
[Date "2019.11.16"]
[Round "7.27"]
[White "Djukic, Sandra"]
[Black "Federovski, Adi"]
[Result "1/2-1/2"]
[ECO "E81"]
[WhiteElo "2148"]
[BlackElo "2005"]
[Annotator "NA"]
[PlyCount "98"]
[EventDate "2019.11.10"]
[EventType "team-tourn"]
[EventCountry "MNE"]
[SourceTitle "playchess.com"]
[Source "ChessBase"]
[SourceQuality "1"]
[WhiteTeam "Asseco SEE"]
[BlackTeam "Rishon Lezion"]
[TimeControl "40/5400+30:1800+30"]

1. d4 Nf6 2. c4 g6 3. Nc3 Bg7 4. e4 d6 5. f3 O-O 6. Nge2 c5 7. d5 e6 8. Bg5 h6 9. Be3 exd5 10. cxd5 Nbd7 11. Ng3 a6 12. a4 h5 13. Be2 Ne5 14. O-O Nh7 15. Qd2 h4 16. Nh1 f5 17. a5 Qf6 18. f4 Nd7 19. Nf2 Re8 20. Rae1 Qf7 21. Bd3 b5 22. axb6 Bb7 23. Bc4 Nxb6 24. b3 Nxc4 25. bxc4 Qf6 26. e5 dxe5 27. fxe5 Qxe5 28. Na4 Rad8 29. Nxc5 Qc7 30. Nxb7 Qxb7 31. Bd4 Nf6 32. Qg5 Rxe1 33. Rxe1 Kf7 34. Qxh4 Re8 35. Nd3 Ne4 36. Qh7 Kf8 37. Bxg7+ Qxg7 38. Qxg7+ Kxg7 39. Nc5 a5 40. Ne6+ Kf6 41. Nc5 Ke5 42. Nb7 a4 43. d6 Ke6 44. c5 Kd7 45. Rc1 Rc8 46. Rc4 a3 47. Ra4 Nxc5 48. Nxc5+ Rxc5 49. Rxa3 Rc6 1/2-1/2

[Event "24th European Women Club Cup 2019"]
[Site "Ulcinj"]
[Date "2019.11.16"]
[Round "7.28"]
[White "Vardi, Shlomit"]
[Black "Bukhteeva, Viktoria"]
[Result "1-0"]
[ECO "C50"]
[WhiteElo "1935"]
[BlackElo "2110"]
[Annotator "NA"]
[PlyCount "101"]
[EventDate "2019.11.10"]
[EventType "team-tourn"]
[EventCountry "MNE"]
[SourceTitle "playchess.com"]
[Source "ChessBase"]
[SourceQuality "1"]
[WhiteTeam "Rishon Lezion"]
[BlackTeam "Asseco SEE"]
[TimeControl "40/5400+30:1800+30"]

1. e4 e5 2. Nf3 Nc6 3. Bc4 Nf6 4. d3 Bc5 5. O-O d6 6. c3 a6 7. a4 Ba7 8. Re1 h6 9. Be3 O-O 10. Nbd2 Kh8 11. Nf1 Ne7 12. d4 exd4 13. Bxd4 Bxd4 14. cxd4 d5 15. e5 Ne4 16. Bd3 Bf5 17. Nh4 Bh7 18. f3 Nc6 19. g3 Ng5 20. Bxh7 Kxh7 21. Qd3+ Kg8 22. Rad1 Ne6 23. Qe3 Nb4 24. Re2 Qd7 25. Qb3 a5 26. Ne3 Ng5 27. f4 Nh3+ 28. Kg2 g5 29. Nhf5 gxf4 30. Nxh6+ Kh8 31. Nef5 Ng5 32. gxf4 Nh7 33. Kh1 Ra6 34. Rg2 Rg6 35. Rdg1 Qe6 36. Qd1 Rxh6 37. Nxh6 Qxh6 38. Qg4 Qg6 39. Qh4 Qe4 40. h3 Nc2 41. Qg3 Qg6 42. Qxg6 fxg6 43. Rxc2 Rxf4 44. Rxc7 Nf8 45. Rg4 Rf3 46. Rh4+ Kg8 47. Rxb7 Ne6 48. Rhh7 Nf4 49. Rbg7+ Kf8 50. Ra7 Kg8 51. Rhd7 1-0